cohdb
Replays
Latest Replays
All Replays
Popular Replays
Top Player Replays
Match Explorer
How It Works
Community
CoH3 Stats
Reddit
Sign in to upload your games and track your stats! →
Sign in with Steam
Match 28854315
Unlisted
Match 28854315
Overview
Messages
Build Orders
End
Construct Barracks
Selects Airborne Battlegroup
Riflemen Squad
M1 Mortar Team
Riflemen Squad
Grenade Package
Selects Heavy Machine Gun Paradrop
Selects Paratrooper Squad Paradrop
Paratrooper Squad Paradrop
Construct Medical Station
Infantry Support Center
Engineer Squad
Paratrooper Squad Paradrop
Construct Tank Depot
Selects Anti-tank Gun Team Paradrop
Advanced Logistics
Anti-tank Gun Team Paradrop
Selects Recon Loiter
gameing
DirtyReaper
blackpanther989
让德国人飞起来
giants041
心灵只因汤
aknuseir
ayoobbo
0
0
Comments
sign in to comment!
No comments posted yet!